 Dungeon Crawl Stone Soup version 0.31-a0-182-gc5ef74bbde (webtiles) character file.

Game seed: 9307959755608087048

88 ytrimaz the Grave Robber (level 4, -4/30 HPs)
             Began as a Mummy Necromancer on June 21, 2023.
             Killed by divine providence
             ... invoked by an orc priest
              (15 damage)
             ... on level 3 of the Dungeon.
             The game lasted 00:02:25 (2440 turns).

ytrimaz the Grave Robber (Mummy Necromancer)        Turns: 2440, Time: 00:02:26

Health: -4/30      AC:  2    Str: 11    XL:     4   Next: 30%
Magic:  18/18      EV: 12    Int: 22    God:
Gold:   75         SH:  0    Dex: 12    Spells: 2/10 levels left

rFire   x . .        (no weapon)
rCold   + . .        (no shield)
rNeg    + + +        a - +0 robe
rPois   ∞            (no helmet)
rElec   .            (no cloak)
rCorr   .            (no gloves)
SInv    .            (no boots)
Will    .....        (no amulet)
Stlth   +            i - ring of magical power
HPRegen 0.25/turn    h - +6 ring of intelligence
MPRegen 0.16/turn

%: faith
@: confused
A: cold resistance 1, negative energy resistance 3, torment resistance 2, heat
vulnerability 1, in touch with death 1, no potions, faith
a: no special abilities


You were on level 3 of the Dungeon.
You visited 1 branch of the dungeon, and saw 3 of its levels.

You collected 75 gold pieces.


Innate Abilities, Weirdness & Mutations

You are immune to poison.
Your flesh is cold resistant. (rC+)
You are immune to negative energy. (rN+++)
You are immune to unholy pain and torment.
You are vulnerable to heat. (rF-)
You are in touch with the powers of death.
You do not drink.
You have a special connection with the divine. (Faith)


   Skills:
 - Level 1.5 Dodging
 - Level 1.5 Stealth
 + Level 3.9 Spellcasting
 * Level 5.3 Necromancy


You had 2 spell levels left.
You knew the following spells:

 Your Spells              Type           Power      Damage    Failure   Level
a - Necrotise             Necr           100%       1d9       1%          1
b - Vampiric Draining     Necr           41%        2d8       3%          3
c - Animate Dead          Necr           41%        N/A       13%         4

Your spell library contained the following spells:

 Spells                   Type           Power      Damage    Failure   Level
 Apportation              Tloc           8%         N/A       12%         1
 Summon Small Mammal      Summ           16%        N/A       12%         1
 Dazzling Flash           Conj/Hex       8%         N/A       34%         3
 Agony                    Necr           41%        N/A       34%         5
 Silence                  Hex/Air        2%         N/A       97%         5

Inventory:

Missiles
 c - a throwing net
Armour
 a - a +0 robe (worn)
Jewellery
 d - a +4 ring of slaying
   (You took it off a goblin on level 2 of the Dungeon)
 h - a +6 ring of intelligence (right hand)
   (You found it on level 2 of the Dungeon)
 i - a ring of magical power (left hand)
   (You found it on level 3 of the Dungeon)
Scrolls
 b - a scroll of torment {unknown}
 e - a scroll of immolation
 f - a scroll of fog
 g - a scroll of poison {unknown}
 j - 3 scrolls of identify

Dungeon Overview and Level Annotations

Branches:
Dungeon (3/15) Zot: 15559

Altars:

#######.....##.#.#######
.
.......................#
.######................#
.#..........##.#.#######
.#.####.....##.#.# .#.#
#.....##.#.# .#.#
#.....##.#.######## .#<#
#...............o..
.#.####.....##.#@######.#
..................o.Soo.
##.####....###.#..o.....
##.# #........#########
...# #.#..###.# ####
#.#.## ### #####


You could see an orc priest, an orc wizard, an adder and 3 orcs.


Message History

The hobgoblin shouts!
A hobgoblin is nearby!
A hobgoblin is nearby!
You feel a surge of power!
The hobgoblin writhes in agony. 😎 MP[-1]
You lost 1 mp, and now have 17/18 mp.
You feel a surge of power!
The hobgoblin writhes in agony.
The hobgoblin hits you. 😕 HP[-1] MP[-1]
You take 1 damage, and now have 29/30 hp.
You lost 1 mp, and now have 16/18 mp.
You feel a surge of power!
The hobgoblin writhes in agony.
The hobgoblin barely misses you. 😕 MP[-1]
You lost 1 mp, and now have 15/18 mp.
You feel a surge of power!
The hobgoblin writhes in agony.
You kill the hobgoblin!
The dead are walking! 😎 HP[+1] MP[-1]
Your hp is fully restored (30).
You lost 1 mp, and now have 14/18 mp.
You can't see any susceptible monsters within range! (Use Z to cast anyway.)
You swap places.
Your hobgoblin skeleton crumbles into dust!
Key pressed, stopping explore.
You open the door.
There is an open door here.
Key pressed, stopping explore.
A hobgoblin comes into view. 😎 MP[+4]
Your mp is fully restored (18).
A hobgoblin is nearby!
A hobgoblin is nearby!
A hobgoblin is nearby!
A hobgoblin is nearby!
You can't see any susceptible monsters within range! (Use Z to cast anyway.)
You can't see any susceptible monsters within range! (Use Z to cast anyway.)
You feel a surge of power!
The hobgoblin writhes in agony!
You kill the hobgoblin!
The dead are walking! 😎 MP[-1]
You lost 1 mp, and now have 17/18 mp.
You can't see any susceptible monsters within range! (Use Z to cast anyway.)
You can't see any susceptible monsters within range! (Use Z to cast anyway.)
A dart slug comes into view. 😎 MP[+1]
Your mp is fully restored (18).
A dart slug is nearby!
Okay, then.
You feel a surge of power!
The dart slug writhes in agony. 😎 MP[-1]
You lost 1 mp, and now have 17/18 mp.
You feel a surge of power!
The dart slug writhes in agony.
You kill the dart slug! 😎 MP[-1]
You lost 1 mp, and now have 16/18 mp.
You can't see any susceptible monsters within range! (Use Z to cast anyway.) This spell is dangerous to cast!
Memorise Vampiric Draining, consuming 3 spell levels and leaving 6?
You start memorising the spell.
You continue memorising. x3
You finish memorising.
Spell assigned to 'b'.
This spell is extremely dangerous to cast!
Memorise Animate Dead, consuming 4 spell levels and leaving 2?
You start memorising the spell.
You continue memorising. x4
Your hobgoblin skeleton crumbles into dust!
You finish memorising.
Spell assigned to 'c'. 😎 MP[+1]
Okay, then.
Key pressed, stopping explore.
You see here a dart slug corpse.
Key pressed, stopping explore.
There is an open door here.
You now have 75 gold pieces (gained 8).
Found a stone staircase leading up. 😎 MP[+1]
Your mp is fully restored (18).
There is a stone staircase leading up here.
Key pressed, stopping explore.
An orc wizard comes into view. It is wielding a +0 dagger.
An orc wizard is nearby!
An orc wizard is nearby!
An orc wizard is nearby!
You can't see any susceptible monsters within range! (Use Z to cast anyway.)
An orc comes into view. It is wielding a +0 whip.
An orc priest comes into view. It is wielding a +0 club.
The orc wizard casts a spell at you.
You are confused.
The orc shouts!
An adder comes into view.
An orc comes into view. It is wielding a +0 dagger.
Unknown command.
An orc comes into view. It is wielding a +0 short sword.
The orc shouts!
The orc wizard gestures at you while chanting.
The puff of flame hits you!! The fire burns you terribly!
Ouch! That really hurt!
* * * LOW HITPOINT WARNING * * *
The orc priest mumbles some strange prayers to Beogh against you.
Beogh smites you!
Ouch! That really hurt!
You die...

Skill      XL: |  1  2  3 |
---------------+----------+-----
Spellcasting   | 3 |  3.9
Necromancy     | 5 |  5.3
Dodging        | |  1.5
Stealth        | |  1.5

Action                     |  1- 3 |  4- 6 || total
---------------------------+-------+-------++-------
  Melee: Unarmed           |     6 |     3 ||     9
         Punch             |       |     1 ||     1
   Cast: Necrotise         |    69 |    15 ||    84
    Use: Scroll            |     4 |     1 ||     5
 Armour: Robe              |     5 |       ||     5
  Dodge: Dodged            |    16 |     2 ||    18

Levels and vault maps discovered:
D:1:      lightli_arrival_boilingwater, layout_basic
D:2:      layout_loops_ring, hellmonk_ecumenical_altar_heavens_door,
          grunt_ministairs_15, dk_vineyard_3, minmay_box_of_dots
D:3:      layout_basic, kennysheep_generic_room_12

Notes
Turn   | Place    | Note
-------+----------+-------------------------------------------
     0 | D:1      | ytrimaz the Mummy Necromancer began the quest for the Orb.
     0 | D:1      | Reached XP level 1. HP: 13/13 MP: 4/4
     0 | D:1      | magus.rc [v1.9.6]
    34 | D:1      | You pick up a book of Cantrips and begin reading...
    34 | D:1      | You add the spells Summon Small Mammal and Apportation to
                  | your library.
   127 | D:1      | Reached skill level 3 in Spellcasting
   127 | D:1      | Reached XP level 2. HP: 19/19 MP: 1/6
   768 | D:1      | Gained mutation: You are in touch with the powers of death.
                  | [Mummy growth]
   768 | D:1      | Reached XP level 3. HP: 24/24 MP: 3/7
  1140 | D:2      | Reached skill level 5 in Necromancy
  1554 | D:2      | You pick up a book of the Senses and begin reading...
  1554 | D:2      | You add the spells Dazzling Flash and Silence to your
                  | library.
  1565 | D:2      | Reached XP level 4. HP: 30/30 MP: 7/9
  1626 | D:2      | Found a faded altar of an unknown god.
  2305 | D:3      | Learned a level 3 spell: Vampiric Draining
  2310 | D:3      | Learned a level 4 spell: Animate Dead
  2440 | D:3      | Killed from afar by an orc priest

Vanquished Creatures
  3 adders
  2 dart slugs
  An orc (D:3)
  3 endoplasms (D:2)
  A giant cockroach (D:1)
  8 hobgoblins
  7 kobolds
  A quokka (D:2)
  7 ball pythons
  6 bats
  6 goblins
  7 rats
52 creatures vanquished.

Vanquished Creatures (collateral kills)
  A ball python (D:2)
  A frilled lizard (D:1)
  2 goblins
4 creatures vanquished.

Grand Total: 56 creatures vanquished

Table legend:
 A = Non-vault XP
 B = Vault XP
 C = Vault XP percentage of total XP
 D = Non-vault monster count
 E = Vault monster count
 F = Vault count percentage of total count
                 A         B        C        D         E       F
            +---------+---------+-------+---------+---------+-------
      Total |     121 |       6 |   4.7 |      52 |       4 |   7.1
            +---------+---------+-------+---------+---------+-------
        D:1 |      42 |       0 |   0.0 |      29 |       0 |   0.0
        D:2 |      50 |       6 |  10.7 |      15 |       4 |  21.1
        D:3 |      29 |       0 |   0.0 |       8 |       0 |   0.0
            +---------+---------+-------+---------+---------+-------

Skill      XL: |  1  2  3 |
---------------+----------+-----
Spellcasting   | 3 |  3.9
Necromancy     | 5 |  5.3
Dodging        | |  1.5
Stealth        | |  1.5

Action                     |  1- 3 |  4- 6 || total
---------------------------+-------+-------++-------
  Melee: Unarmed           |     6 |     3 ||     9
         Punch             |       |     1 ||     1
   Cast: Necrotise         |    69 |    15 ||    84
    Use: Scroll            |     4 |     1 ||     5
 Armour: Robe              |     5 |       ||     5
  Dodge: Dodged            |    16 |     2 ||    18

Illustrated notes

Table legend:
 A = Kills in this place as a percentage of kills in the entire game.
 B = Kills by you in this place as a percentage of kills by you in the entire game.
 C = Kills by friends in this place as a percentage of kills by friends in the entire game.
 D = Other kills in this place as a percentage of other kills in the entire game.
 E = Experience gained in this place as a percentage of experience gained in the entire game.
 F = Experience gained in this place divided by the number of levels of this place that you have seen.
                   A       B       C       D       E      F
               +-------+-------+-------+-------+-------+----------------------
         Total | 100.0 | 100.0 | 100.0 |   N/A | 100.0 |  42.3
       Dungeon | 100.0 | 100.0 | 100.0 |   N/A | 100.0 |  42.3
               +-------+-------+-------+-------+-------+----------------------

Table legend: (Time is in decaauts)
 A = Elapsed time spent in this place.
 B = Non-inter-level travel time spent in this place.
 C = Inter-level travel time spent in this place.
 D = Time resting spent in this place.
 E = Time spent auto-exploring this place.
 F = Levels seen in this place.
 G = Mean time per level.
                   A        B        C        D        E       F      G
               +--------+--------+--------+--------+--------+-----+--------+
         Total |   2439 |   2415 |     24 |      0 |   2106 |   3 |  813.0 |
       Dungeon |   2439 |   2415 |     24 |      0 |   2106 |   3 |  813.0 |
               +--------+--------+--------+--------+--------+-----+--------+

Top non-repeatable levels by time:
     D:1: 953 daAuts
     D:2: 860 daAuts
     D:3: 625 daAuts
